 Dungeon Crawl Stone Soup version 0.26-a0-667-g92642533e4 (webtiles) character file.

Game seed: 16982206926305543449

1295904 Napalmbreeze the Conqueror (level 27, -16/273 HPs)
             Began as a Minotaur Fighter on Oct 18, 2020.
             Was the Champion of the Shining One.
             Killed by divine providence
             ... invoked by a greater mummy
              (17 damage)
             ... on level 3 of the Tomb of the Ancients.
             The game lasted 04:05:28 (96557 turns).

Napalmbreeze the Conqueror (Minotaur Fighter)      Turns: 96557, Time: 04:05:29

Health: -16/273    AC: 48    Str: 22 (26) XL:     27
Magic:  5/31       EV: 17    Int:  3 (5)  God:    the Shining One [******]
Gold:   6239       SH: 49    Dex: 14 (23) Spells: 26/26 levels left

rFire    + + +     SeeInvis +   k - +8 broad axe "Lumucs" {holy, +Blink Str+4 SInv}
rCold    + + .     Faith    .   u - +1 tower shield {rF+}
rNeg     + + +     Spirit   .   x - +12 gold dragon scales
rPois    +         Reflect  +   K - +0 mask of the Dragon {MR+ Slay+3 SInv}
rElec    +         Harm     .   n - scarf {rC+ rF+}
rCorr    +         Rampage  .   U - +0 pair of gloves of Okawaru's Inspiration {Slay+5}
MR       +++..                  z - +1 pair of boots "Tobobahu" {rPois rCorr}
Stlth    ..........             A - amulet of reflection
HPRegen  0.55/turn              B - +4 ring of slaying
MPRegen  0.22/turn              a - ring of Jeczaora {rElec Dex+5 SInv Stlth+}

@: divine shield, contaminated, slowed, glowing, studying Bows, very slow
A: retaliatory headbutt, horns 2, repulsion field 1, slimy green scales 1,
yellow scales 1, camouflage 1, blurry vision 1, clumsy 1, low mp 2, sense
surroundings 1, screaming 1, weak 1, evolution 1
}: 14/15 runes: decaying, slimy, silver, iron, obsidian, icy, bone, abyssal,
demonic, glowing, magical, fiery, dark, gossamer
a: Divine Shield, Cleansing Flame, Summon Divine Warrior, Renounce Religion,
Evoke Blink


You were on level 3 of the Tomb of the Ancients.
You worshipped the Shining One.
The Shining One was exalted by your worship.
You visited 18 branches of the dungeon, and saw 86 of its levels.
You visited Pandemonium 2 times, and saw 29 of its levels.
You visited the Abyss 4 times.
You also visited: Ossuary, Ice Cave and Wizlab.

You collected 15288 gold pieces.
You spent 4892 gold pieces at shops.
You donated 4157 gold pieces to Zin.

Inventory:

Hand Weapons
 b - a +9 broad axe of electrocution
 k - the +8 broad axe "Lumucs" (weapon) {holy, +Blink Str+4 SInv}
   (You found it on level 7 of Tartarus)

   It has been blessed by the Shining One to cause great damage to the undead
   and demons.
   It affects your strength (+4).
   It lets you see invisible.
   It lets you blink.
Armour
 n - a scarf of resistance (worn)
 u - a +1 tower shield of fire resistance (worn)
 x - +12 gold dragon scales (worn)
 z - the +1 pair of boots "Tobobahu" (worn) {rPois rCorr}
   (You bought it in a shop on level 3 of the Depths)

   It protects you from poison.
   It provides partial protection from all sources of acid and corrosion.
 K - the +0 mask of the Dragon (worn) {MR+ Slay+3 SInv}
   (You found it on level 7 of Cocytus)

   It affects your accuracy and damage with ranged weapons and melee attacks
   (+3).
   It affects your resistance to hostile enchantments.
   It lets you see invisible.
 U - the +0 pair of gloves of Okawaru's Inspiration (worn) {Slay+5}
   (Okawaru gifted it to you on level 2 of the Elven Halls)

   It affects your accuracy and damage with ranged weapons and melee attacks
   (+5).
Jewellery
 a - the ring of Jeczaora (right hand) {rElec Dex+5 SInv Stlth+}
   (You found it on level 7 of Tartarus)

   [ring of see invisible]

   It affects your dexterity (+5).
   It insulates you from electricity.
   It lets you see invisible.
   It makes you more stealthy.
 A - an amulet of reflection (around neck)
 B - a +4 ring of slaying (left hand)
 G - an uncursed ring of protection from magic
 Q - the ring "Eguxuol" {+Blink +Inv rCorr Stlth+}
   (You found it in Pandemonium)

   [ring of resist corrosion]

   It lets you turn invisible.
   It lets you blink.
   It provides partial protection from all sources of acid and corrosion.
   It makes you more stealthy.
 X - the ring "Jaqinal" {+Blink rPois rN+ AC+4 Stlth-}
   (You found it on level 6 of the Lair of Beasts)

   [ring of protection]

   It affects your AC (+4).
   It protects you from poison.
   It protects you from negative energy.
   It lets you blink.
   It makes you less stealthy.
 Y - the ring of Vyemaav {rElec Stlth+}
   (You found it on level 3 of the Elven Halls)

   [ring of stealth]

   It insulates you from electricity.
   It makes you more stealthy.
Wands
 i - a wand of enslavement (28)
 l - a wand of paralysis (40)
 s - a wand of acid (36)
 w - a wand of disintegration (84)
 y - a wand of iceblast (33)
 H - a wand of flame (13)
 L - a wand of digging (39)
Scrolls
 c - a scroll of silence
 f - 37 scrolls of remove curse
 g - 43 scrolls of teleportation
 j - 4 scrolls of blinking
 q - 3 scrolls of holy word
 r - a scroll of summoning
 t - 3 scrolls of enchant weapon
 D - 10 scrolls of fear
 E - 24 scrolls of identify
 F - a scroll of enchant armour
 I - 8 scrolls of fog
 J - 12 scrolls of immolation
 R - 3 scrolls of brand weapon
Potions
 d - 3 potions of might
 e - 2 potions of heal wounds
 m - 11 potions of invisibility
 o - 28 potions of curing
 p - 7 potions of cancellation
 v - 5 potions of flight
 C - 7 potions of berserk rage
 N - 4 potions of haste
 O - 17 potions of lignification
 T - 5 potions of resistance
Books
 h - a manual of Bows
Miscellaneous
 P - a box of beasts (3/3)
 S - a condenser vane (2/2)
 W - a tin of tremorstones (3/3)


   Skills:
 O Level 27 Fighting
   Level 13.3 Short Blades
 O Level 27 Axes
 O Level 27 Armour
 - Level 20.0 Dodging
 O Level 27 Shields
 O Level 27 Invocations
 + Level 24.0 Evocations


You had 26 spell levels left.
You didn't know any spells.
Your spell library contained the following spells:

 Spells                   Type           Power        Failure   Level
 Animate Skeleton         Necr           #.....       99%         1
 Apportation              Tloc           #.....       99%         1
 Beastly Appendage        Tmut           #.....       99%         1
 Corona                   Hex            #......      99%         1
 Foxfire                  Conj/Fire      #...         99%         1
 Freeze                   Ice            #...         99%         1
 Magic Dart               Conj           #...         99%         1
 Pain                     Necr           #...         99%         1
 Sandblast                Erth           #.....       99%         1
 Shock                    Conj/Air       #...         99%         1
 Sting                    Tmut/Pois      #...         99%         1
 Summon Small Mammal      Summ           #...         99%         1
 Call Imp                 Summ           #.......     100%        2
 Corpse Rot               Necr/Air       N/A          100%        2
 Ensorcelled Hibernation  Hex/Ice        #.....       100%        2
 Passwall                 Tmut/Erth      #.......     100%        2
 Poisonous Vapours        Pois/Air       #.....       100%        2
 Searing Ray              Conj           #.....       100%        2
 Sublimation of Blood     Necr           #.........   100%        2
 Wereblood                Tmut           #.......     100%        2
 Call Canine Familiar     Summ           #.......     100%        3
 Confusing Touch          Hex            #.......     100%        3
 Conjure Flame            Conj/Fire      #.......     100%        3
 Dazzling Flash           Conj/Hex       #.....       100%        3
 Frozen Ramparts          Ice            #.....       100%        3
 Gell's Gravitas          Tloc           #.........   100%        3
 Ignite Poison            Fire/Tmut/Pois #.......     100%        3
 Inner Flame              Hex/Fire       #.......     100%        3
 Lesser Beckoning         Tloc           #.........   100%        3
 Mephitic Cloud           Conj/Pois/Air  #.......     100%        3
 Ozocubu's Armour         Ice            #.......     100%        3
 Portal Projectile        Hex/Tloc       #.....       100%        3
 Spider Form              Tmut/Pois      #.........   100%        3
 Static Discharge         Conj/Air       #.......     100%        3
 Stone Arrow              Conj/Erth      #.....       100%        3
 Summon Guardian Golem    Hex/Summ       #.......     100%        3
 Tukima's Dance           Hex            #.......     100%        3
 Vampiric Draining        Necr           #.........   100%        3
 Animate Dead             Necr           #.........   100%        4
 Cause Fear               Hex            #.........   100%        4
 Dispel Undead            Necr           #.......     100%        4
 Fulminant Prism          Conj/Hex       #.........   100%        4
 Hailstorm                Conj/Ice       #.......     100%        4
 Ice Form                 Ice/Tmut       #.......     100%        4
 Iskenderun's Mystic Bla  Conj/Tloc      #.......     100%        4
 Leda's Liquefaction      Hex/Erth       #.........   100%        4
 Olgreb's Toxic Radiance  Pois           #.......     100%        4
 Passage of Golubria      Tloc           N/A          100%        4
 Petrify                  Tmut/Erth      #.......     100%        4
 Sticky Flame             Conj/Fire      #.......     100%        4
 Summon Ice Beast         Ice/Summ       #.......     100%        4
 Summon Lightning Spire   Summ/Air       #.......     100%        4
 Agony                    Necr           #.......     100%        5
 Alistair's Intoxication  Tmut/Pois      #........    100%        5
 Blade Hands              Tmut           #.........   100%        5
 Bolt of Magma            Conj/Fire/Erth #.........   100%        5
 Borgnjor's Vile Clutch   Necr/Erth      #.........   100%        5
 Excruciating Wounds      Necr           #.........   100%        5
 Fireball                 Conj/Fire      #.........   100%        5
 Irradiate                Conj/Tmut      #.........   100%        5
 Lee's Rapid Deconstruct  Erth           #.........   100%        5
 Lightning Bolt           Conj/Air       #.........   100%        5
 Metabolic Englaciation   Hex/Ice        #.........   100%        5
 Silence                  Hex/Air        #.........   100%        5
 Summon Demon             Summ           #.........   100%        5
 Summon Forest            Summ/Tloc      #.........   100%        5
 Summon Mana Viper        Hex/Summ       #.......     100%        5
 Yara's Violent Unravell  Hex/Tmut       #.........   100%        5
 Conjure Ball Lightning   Conj/Air       #.........   100%        6
 Death Channel            Necr           #.........   100%        6
 Dispersal                Tloc           #.........   100%        6
 Eringya's Noxious Bog    Tmut/Pois      #.........   100%        6
 Freezing Cloud           Conj/Ice/Air   #.........   100%        6
 Hydra Form               Tmut           #.........   100%        6
 Invisibility             Hex            #.......     100%        6
 Iron Shot                Conj/Erth      #.........   100%        6
 Ozocubu's Refrigeration  Ice            #.........   100%        6
 Shadow Creatures         Summ           N/A          100%        6
 Simulacrum               Ice/Necr       #.........   100%        6
 Starburst                Conj/Fire      #.........   100%        6
 Statue Form              Tmut/Erth      #........    100%        6
 Dragon Form              Tmut           #.........   100%        7
 Malign Gateway           Summ/Tloc      #.........   100%        7
 Monstrous Menagerie      Summ           #.........   100%        7
 Summon Greater Demon     Summ           #.........   100%        7
 Summon Hydra             Summ           #.........   100%        7
 Discord                  Hex            #.........   100%        8
 Disjunction              Tloc           #.........   100%        8
 Ignition                 Fire           #.........   100%        8
 Summon Horrible Things   Summ           #.........   100%        8
 Shatter                  Erth           #.........   100%        9
 Tornado                  Air            #.........   100%        9


Dungeon Overview and Level Annotations

Branches:
Dungeon (15/15)            Temple (1/1) D:6            Lair (6/6) D:8
  Swamp (4/4) Lair:2       Spider (4/4) Lair:4        Slime (5/5) Lair:5
    Orc (2/2) D:12            Elf (3/3) Orc:2        Vaults (5/5) D:14
  Crypt (3/3) Vaults:2       Tomb (3/3) Crypt:3      Depths (5/5) D:15
   Hell (visited)             Dis (7/7) Hell            Geh (7/7) Hell
    Coc (7/7) Hell            Tar (7/7) Hell            Zot (2/5) Depths:5
Ossuary (visited)           IceCv (visited)          WizLab (visited)

Altars:
Ashenzari
Cheibriados
Dithmenos
Elyvilon
Fedhas
Gozag
Hepliaklqana
Kikubaaqudgha
Makhleb
Nemelex Xobeh
Okawaru
Qazlal
Ru
Sif Muna
Trog
Uskayaw
Vehumet
Wu Jian
Xom
Yredelemnul
Zin
The Shining One
Beogh
Jiyva
Lugonu

Shops:
D:10 (:   D:14 *   Orc:2 *([[   Elf:1 [   Vaults:3 !:(   Vaults:5 }(
Depths:1 *   Depths:2 }}=   Depths:3 [![[   Depths:4 }[*

Portals:
Hell: Depths:1 Depths:2 Depths:3 Depths:4 Depths:5
Abyss: Depths:2 Depths:4 Depths:5
Pandemonium: Depths:2 Depths:3 Depths:4
Ziggurat: Depths:3
Trove: D:15 (give +2 gold dragon scales)

Annotations:
D:9 3 runed translucent doors
Lair:6 exclusion: oklob plant


Innate Abilities, Weirdness & Mutations

You reflexively headbutt those who attack you in melee.
You have a pair of horns on your head.
You are surrounded by a mild repulsion field. (EV +2)
You are partially covered in slimy green scales. (AC +2)
You are partially covered in yellow scales. (AC +2)
Your skin changes colour to match your surroundings (Stealth+).
Scrolls take you a little longer to read.
You are clumsy. (Dex -2)
Your magical capacity is very low. (-20% MP)
You passively map a small area around you.
You occasionally shout uncontrollably at your foes.
You are weak. (Str -2)
You evolve.


Message History

The greater mummy points at you and mumbles some strange words.
Something smites you!
* * * LOW HITPOINT WARNING * * *
You block the greater mummy's attack. The emperor scorpion stings you!
* * * LOW HITPOINT WARNING * * *
You block the emperor scorpion's attack.
The emperor scorpion claws you but does no damage.
The flayed ghost cries, "Feel what I felt!"
You block the emperor scorpion's attack.
The emperor scorpion claws you but does no damage. x2
You hear a loud "Zot"!
The ushabti shakes and rattles.
The vile air hits the vampire but does no damage.
The vile air hits the jiangshi but does no damage.
The vile air hits the emperor scorpion but does no damage.
The vile air hits you but does no damage.
You hear a loud "Zot"!
The greater mummy points at you and mumbles some strange words.
Something smites you!
You die...

....(#8..MZ.#.......($$$
,,,...#?..MM.#.....$$$$[$,
, , V.'..M4MB'....|!$$$$$
.#3WsM4M#.....$$$?$$, ,,
#.MWM83#....$$$$$ , ,
#ZMWsVV##...$$$$$ * ^
#sBMsVM##..$$$$$$
#ssMsss###.)$|$$# , *


#sss@s3# #$$$$# * ######## * * You could see 4 greater mummies, 13 emperor
scorpions, 2 mummy priests, 2 jiangshi, 2 flayed ghosts, a guardian mummy, an
ushabti (catching breath), a freezing wraith (summoned), a spectral wolf spider
(summoned), a sixfirhy (summoned), 2 smoke demons, a chaos spawn (summoned), a
vampire (summoned, invisible), 2 death scarabs, a red devil (summoned) and 5
mummies.

Vanquished Creatures
  Cerebov (Pan)
  Antaeus (Coc:7)
  the Royal Jelly (Slime:5)
  Ereshkigal (Tar:7)
  Gloorx Vloq (Pan)
  Lom Lobon (Pan)
  Mnoleg (Pan)
  Dispater (Dis:7)
  Khufu (Crypt:3)
  4 ancient liches
  An orb of fire (Zot:1)
  2 juggernauts
  21 greater mummies
  Boris (thrice) (Vaults:5 Crypt:1 Crypt:2)
  8 shard shrikes
  Bai Suzhen (Crypt:3)
  A Killer Klown (Zot:2)
  Geryon (Hell)
  A curse toe (Zot:2)
  Saint Roka (Vaults:5)
  A caustic shrike (Depths:2)
  Nikola (Spider:4)
  2 profane servitors
  3 golden dragons
  Jory (Vaults:5)
  Arachne (Spider:4)
  15 Tzitzimimeh
  2 electric golems (Zot:1)
  7 bone dragons
  7 pandemonium lords (Pan)
  18 Brimstone Fiends
  9 liches
  3 doom hounds
  7 Hell Sentinels
  2 hellephants (Crypt:2)
  3 iron giants
  21 Ice Fiends
  13 tentacled monstrosities
  The ghost of Ynisk the Swashbuckler, an adept HaHu of Okawaru (Vaults:1)
  The ghost of Roikka the Apostle, an adept HOMo of Beogh (Vaults:2)
  23 acid blobs
  Asterion (Spider:4)
  7 deep elf blademasters
  8 quicksilver dragons
  11 deep elf master archers
  25 titans
  15 sphinxes
  17 Executioners
  4 death cobs
  An eldritch tentacle (Tomb:3)
  Agnes (Elf:1)
  9 storm dragons
  11 tentacled starspawn
  12 shadow dragons
  4 thorn hunters (Swamp:4)
  8 ancient champions
  Roxanne (Elf:1)
  3 draconian knights
  7 revenants
  5 draconian monks
  28 fire giants
  20 azure jellies
  4 tengu reavers
  9 blood saints (Pan)
  6 ghost moths
  8 iron dragons
  7 black suns (Pan)
  5 draconian scorchers
  9 deep elf sorcerers
  3 emperor scorpions (Spider:4)
  36 balrugs
  15 vault wardens
  Louise (Swamp:1)
  10 warmongers (Pan)
  20 cacodemons
  6 curse skulls
  23 frost giants
  An orc warlord (Orc:2)
  2 draconian shifters
  3 spriggan defenders
  5 deep elf elementalists
  6 draconian annihilators
  14 war gargoyles
  57 reapers
  2 draconian stormcallers
  3 hydra skeletons
  10 ironheart preservers
  19 very ugly things
  3 elemental wellsprings (Coc:7)
  37 stone giants
  2 ghouls
  11 vampire knights
  9 bennus (Tomb:3)
  6 green draconians
  Nessos (Orc:2)
  6 deep elf demonologists
  6 entropy weavers
  8 corrupters (Pan)
  38 starcursed masses
  21 black draconians
  8 lorocyprocas (Pan)
  An ophan (Abyss:3)
  A spark wasp (shapeshifter) (Vaults:5)
  5 white draconians
  22 small abominations
  13 yellow draconians
  10 deep elf annihilators
  9 spark wasps
  7 purple draconians
  10 red draconians
  17 blizzard demons
  9 ettins
  Snorg (D:11)
  6 death oozes
  6 eidola
  A merfolk javelineer (Depths:4)
  16 green deaths
  11 deep elf death magi
  42 large abominations
  15 mummy priests
  3 quicksilver dragon zombies
  15 jiangshi
  A merfolk impaler (Depths:2)
  22 yaktaur captains
  11 fire dragons
  5 deep elf high priests
  Erolcha (D:12)
  14 great orbs of eyes
  28 vault guards
  16 ogre magi
  25 hydras
  9 rakshasas
  3 kraken zombies
  3 spriggan air magi
  A spectral kraken (Tar:7)
  Harold (D:6)
  23 ice dragons
  4 quicksilver dragon skeletons
  3 shambling mangroves (Swamp:4)
  9 boulder beetles
  7 monstrous demonspawn (Pan)
  8 centaur warriors
  6 death knights
  3 catoblepae (Lair:6)
  3 hell beasts
  4 ghost crabs
  7 deep troll shamans
  33 two-headed ogres
  18 death yaks
  29 hell hogs
  32 dancing weapons
  4 orc high priests
  6 tengu warriors
  A queen ant (Spider:4)
  14 deep troll earth magi
  16 alligators
  49 death scarabs
  13 vampire magi
  8 spriggan berserkers
  3 shock serpents (Zot:1)
  5 thrashing horrors
  Urug (Lair:3)
  37 soul eaters
  8 titan zombies
  35 deep elf knights
  66 sun demons
  An iron golem (Geh:2)
  4 wretched stars
  4 storm dragon zombies
  2 iron trolls
  90 skeletal warriors
  A salamander mystic (Depths:2)
  6 titan skeletons
  15 shadow wraiths
  2 spatial maelstroms
  5 torturous demonspawn (Pan)
  26 deep trolls
  31 sixfirhies
  3 unseen horrors
  10 anaconda zombies
  8 swamp dragons
  30 hell knights
  17 infernal demonspawn (Pan)
  4 golden dragon zombies
  A ghost moth zombie (Geh:2)
  2 orange crystal statues
  2 cherubim (Pan)
  9 anaconda skeletons
  A glowing orange brain (shapeshifter) (Vaults:5)
  4 glowing orange brains
  4 spriggan druids
  35 shadow demons
  A storm dragon skeleton (Coc:6)
  10 wizards
  7 gelid demonspawn (Pan)
  18 flayed ghosts
  A swamp dragon (shapeshifter) (Depths:4)
  A kraken simulacrum (Coc:4)
  A harpy (Vaults:4)
  19 deep elf archers
  6 wolf spider zombies
  A spectral iron dragon (Crypt:3)
  Pikel (D:4)
  14 ironbrand convokers
  4 golden dragon skeletons
  13 orc knights
  20 phantasmal warriors
  3 spectral hydras (Swamp:4)
  A tengu skeleton (Depths:1)
  6 frost giant zombies
  14 necromancers
  4 fire giant zombies
  8 shadow dragon zombies
  A harpy (shapeshifter) (Vaults:2)
  82 deep elf magi
  A lindwurm (Lair:4)
  36 ugly things
  6 stone giant zombies
  2 iron dragon zombies (Geh:7)
  12 cyclopes
  25 orb spiders
  8 shining eyes
  A mana viper (shapeshifter) (Vaults:4)
  11 orc sorcerers
  32 wolf spiders
  A spectral fire dragon (Crypt:3)
  4 draconians (Abyss:3)
  7 manticores
  4 salamanders
  A sphinx skeleton (Vaults:4)
  3 worldbinders (Abyss:1)
  3 oklob plants (Swamp:4)
  4 frost giant skeletons
  A cyclops (shapeshifter) (Depths:4)
  4 iron dragon skeletons
  25 rust devils
  2 guardian serpents (shapeshifter)
  30 smoke demons
  14 moths of wrath
  3 centaur zombies
  3 shock serpent zombies
  10 elephants
  5 fire giant skeletons
  5 dire elephant zombies
  4 torpor snails
  A stone giant skeleton (Geh:6)
  4 black mambas
  3 eyes of devastation
  A storm dragon simulacrum (Abyss:1)
  A shock serpent skeleton (Coc:5)
  9 apocalypse crabs
  4 ice statues
  14 vault sentinels
  30 orange demons
  A gargoyle (D:12)
  6 human zombies
  4 kobold demonologists
  2 molten gargoyles
  24 cane toads
  25 hellions
  4 spectral swamp worms (Tar:7)
  23 demonic crawlers
  A yellow draconian zombie (Crypt:1)
  63 yaktaurs
  An emperor scorpion zombie (Coc:6)
  3 rime drakes
  A catoblepas skeleton (Crypt:1)
  4 anaconda simulacra
  A yaktaur (shapeshifter) (Depths:4)
  10 efreet
  11 komodo dragons
  A purple draconian skeleton (Crypt:2)
  7 ancient zymes
  40 freezing wraiths
  A queen bee (Lair:1)
  28 red devils
  35 tormentors
  6 tengu conjurers
  12 trolls
  41 ice devils
  41 guardian mummies
  A queen ant zombie (Crypt:1)
  5 harpy zombies
  21 hellwings
  14 hydra zombies
  A death drake zombie (Swamp:4)
  40 jumping spiders
  2 harpy skeletons
  2 silent spectres (Tar:7)
  29 hornets
  A hornet (shapeshifter) (Abyss:3)
  12 tyrant leeches
  2 sphinx simulacra
  2 tengu simulacra
  7 fire dragon zombies
  2 polar bears (Lair:5)
  5 raiju
  A raiju (shapeshifter) (Depths:5)
  104 slime creatures
  13 blink frogs
  2 death drake skeletons (Swamp:4)
  12 alligator zombies
  An ice dragon zombie (Coc:6)
  12 bog bodies
  7 ettin zombies
  5 air elementals
  2 human simulacra
  5 ettin skeletons
  71 redbacks
  26 shadows
  Sigmund (D:5)
  A redback (shapeshifter) (Vaults:5)
  5 fire dragon skeletons
  143 flying skulls
  3 alligator skeletons
  22 tarantellas
  9 wyverns
  A black mamba zombie (Dis:7)
  2 ice dragon skeletons
  A satyr skeleton (Crypt:2)
  4 vampires
  75 yaks
  6 spriggans
  13 water elementals
  29 fire elementals
  38 wraiths
  18 ynoxinuls
  15 ushabtiu
  2 centaur simulacra
  5 fire bats
  A fire bat (shapeshifter) (Depths:2)
  15 humans (D:14)
  A black mamba skeleton (Tar:4)
  27 neqoxecs
  10 golden eyes
  2 basilisks
  2 steam dragons
  32 vampire mosquitoes
  22 chaos spawn
  3 merfolk zombies
  A spriggan simulacrum (Depths:1)
  A harpy simulacrum (Crypt:2)
  6 wargs
  A redback simulacrum (D:14)
  12 swamp worms
  3 acid dragons
  22 insubstantial wisps
  2 spatial vortices (Abyss:1)
  7 hydra simulacra
  7 water moccasins
  3 soldier ants
  Duvessa (D:5)
  7 swamp drakes
  11 cane toad zombies
  2 gelid demonspawn skeletons (Crypt:2)
  48 hell hounds
  7 cane toad skeletons
  A hornet zombie (D:8)
  2 merfolk skeletons
  5 black bears
  21 ice beasts
  3 sky beasts
  11 eyes of draining
  60 orc warriors
  A fire dragon simulacrum (Coc:6)
  2 manticore zombies
  2 ettin simulacra
  An ice dragon simulacrum (Abyss:3)
  43 ogres
  7 snapping turtle zombies
  19 necrophages
  3 swamp dragon zombies
  An elf skeleton (Vaults:4)
  9 phantoms
  14 boggarts
  20 wolves
  4 centaurs
  2 manticore skeletons
  7 swamp dragon skeletons
  6 snapping turtle skeletons
  9 big kobolds
  A yaktaur skeleton (Vaults:1)
  3 wyvern zombies
  24 bullfrogs
  An earth elemental (Elf:2)
  2 gnoll sergeants (D:10)
  Dowan (D:5)
  A cane toad simulacrum (Hell)
  7 scorpions
  A troll zombie (Geh:7)
  73 wights
  38 killer bees
  A swamp dragon simulacrum (Coc:6)
  3 electric eels
  13 crimson imps
  4 howler monkeys
  2 bullfrog zombies
  5 hounds
  5 jellies
  35 orc priests
  32 orc wizards
  A quasit (D:9)
  2 gnoll shamans (D:10)
  11 iron imps
  A bullfrog skeleton (D:10)
  4 centaur skeletons
  A human skeleton (Crypt:2)
  5 iguanas
  5 lightning spires (Zot:1)
  22 worker ants
  5 hell rats (Lair:2)
  A tengu zombie (Geh:3)
  A naga zombie (Tar:2)
  An ogre zombie (Tar:7)
  2 ogre skeletons
  2 hound zombies
  26 mummies
  2 howler monkey zombies
  15 gnolls
  13 adders
  8 shadow imps
  24 white imps
  3 ufetubi
  An ooze (D:1)
  4 adder zombies
  2 worms (D:2)
  2 ball lightnings (Pan)
  4 dart slugs
  11 leopard geckos
  143 orcs
  9 bats
  6 giant cockroaches
  3 goblins
  4 hobgoblins
  17 jackals
  5 quokkas
  2 ball pythons
  A ball python skeleton (Crypt:2)
  4 frilled lizards
  A frilled lizard skeleton (Crypt:2)
  A hobgoblin skeleton (Ossuary)
  2 hobgoblin zombies (Ossuary)
  A jackal skeleton (D:4)
  10 kobolds
  2 kobold zombies (Ossuary)
  3 leopard gecko skeletons
  3 orc skeletons (Ossuary)
  2 orc zombies (Ossuary)
  9 rats
  6 crawling corpses (Depths:3)
  A lurking horror (Abyss:3)
  9 starspawn tentacles
  8 tentacles
4922 creatures vanquished.

Vanquished Creatures (collateral kills)
  Asmodeus (Geh:7)
  A Hell Sentinel (Dis:7)
  A Brimstone Fiend (Geh:7)
  2 Ice Fiends
  2 tentacled monstrosities (Pan)
  A titan (Crypt:3)
  An Executioner (Pan)
  A blood saint (Pan)
  2 iron dragons (Dis:7)
  A cacodemon (Pan)
  5 reapers
  3 war gargoyles
  A bennu (Tomb:3)
  A lorocyproca (Pan)
  3 death scarabs (Tomb:3)
  3 hell hogs (Hell)
  A titan zombie (Dis:7)
  2 soul eaters
  A storm dragon skeleton (Tar:7)
  A shadow demon (Tar:7)
  3 skeletal warriors
  A sixfirhy (Pan)
  A frost giant skeleton (Geh:7)
  An ice statue (Hell)
  4 rust devils (Hell)
  2 smoke demons (Hell)
  An orange demon (Pan)
  A dire elephant skeleton (Pan)
  An ice devil (Hell)
  A demonic crawler (Pan)
  A hydra zombie (Hell)
  4 guardian mummies (Tomb:3)
  3 hydra skeletons (Hell)
  A large abomination (Pan)
  2 flying skulls (Geh:7)
  A ynoxinul (Pan)
  A neqoxec (Pan)
  A cane toad zombie (Hell)
  A swamp worm (Pan)
  A hell hound (Hell)
  A cane toad skeleton (Hell)
  A crimson imp (Hell)
  2 mummies (Tomb:3)
  A kobold zombie (Tomb:3)
71 creatures vanquished.

Vanquished Creatures (others)
  An eldritch tentacle (Pan)
  A draconian monk (Zot:1)
  A frost giant (Crypt:2)
  A ghost moth (Spider:4)
  An emperor scorpion (Spider:4)
  A black draconian (Zot:1)
  A lorocyproca (Pan)
  An ice dragon (Coc:7)
  An alligator (Swamp:3)
  A hell hog (Geh:3)
  A sixfirhy (Pan)
  A skeletal warrior (Coc:1)
  2 wizards (Pan)
  A fire giant zombie (Tomb:3)
  A deep elf mage (Elf:3)
  A shining eye (Pan)
  A rust devil (Dis:7)
  A raiju (Zot:1)
  A hornet (Swamp:2)
  A large abomination (Pan)
  3 redbacks (Spider:4)
  A flying skull (Tomb:3)
  An ushabti (Tomb:3)
  A fire elemental (Hell)
  A neqoxec (Pan)
  A chaos spawn (Pan)
  An iron imp (Dis:7)
  An orc priest (Vaults:5)
  A mummy (Tomb:3)
  11 ball lightnings
  3 orcs
  8 briar patches (Swamp:4)
  5 fungi
  A lurking horror (Abyss:3)
  57 plants
  15 starspawn tentacles
  8 tentacles
  2 withered plants (Vaults:2)
142 creatures vanquished.

Grand Total: 5135 creatures vanquished

Notes
Turn   | Place    | Note
-------+----------+-------------------------------------------
     0 | D:1      | Napalmbreeze the Minotaur Fighter began the quest for the
                  | Orb.
     0 | D:1      | Reached XP level 1. HP: 19/19 MP: 0/0
   145 | D:1      | Reached XP level 2. HP: 26/27 MP: 1/1
   444 | D:1      | Reached XP level 3. HP: 26/34 MP: 2/2
  1070 | D:2      | Reached XP level 4. HP: 41/41 MP: 3/3
  1146 | D:2      | Reached skill level 5 in Fighting
  2200 | D:3      | Reached XP level 5. HP: 48/48 MP: 4/4
  2348 | D:4      | Noticed an ogre
  2359 | D:4      | Killed an ogre
  2359 | D:4      | Reached skill level 5 in Axes
  2956 | D:4      | Reached XP level 6. HP: 56/57 MP: 5/5
  3155 | D:4      | Noticed Pikel
  3191 | D:4      | Killed Pikel
  3191 | D:4      | Reached XP level 7. HP: 39/69 MP: 6/6
  3636 | D:5      | Entered Level 5 of the Dungeon
  3772 | D:5      | Got a masterwork dagger
  3775 | D:5      | Identified the cursed +0 dagger "Ycsusoc" {vorpal, Fragile
                  | rElec Stlth+} (You found it on level 5 of the Dungeon)
  3921 | D:5      | Noticed Dowan
  3921 | D:5      | Noticed Duvessa
  3928 | D:5      | Killed Duvessa
  3933 | D:5      | Killed Dowan
  3988 | D:5      | Found a sacrificial altar of Ru.
  4002 | D:5      | Reached XP level 8. HP: 52/79 MP: 7/7
  4191 | D:5      | Noticed Sigmund
  4197 | D:5      | Killed Sigmund
  4197 | D:5      | Reached skill level 10 in Fighting
  4928 | D:6      | Reached skill level 5 in Armour
  5061 | D:6      | Reached skill level 5 in Shields
  5524 | D:6      | Found a staircase to the Ecumenical Temple.
  5535 | Temple   | Entered the Ecumenical Temple
  5790 | Temple   | Became a worshipper of Warmaster Okawaru
  5817 | D:6      | Reached XP level 9. HP: 82/86 MP: 8/8
  6184 | D:7      | Noticed Harold
  6345 | D:6      | Killed Harold
  6345 | D:6      | Reached * piety under Okawaru
  6570 | D:7      | Reached skill level 10 in Axes
  6719 | D:7      | Reached ** piety under Okawaru
  8205 | D:8      | Reached XP level 10. HP: 82/101 MP: 9/9
  8252 | D:8      | Found a sand-covered staircase.
  8257 | Ossuary  | Entered an ossuary
  8621 | D:8      | Noticed a cyclops
  8636 | D:8      | Killed a cyclops
  8647 | D:8      | Reached *** piety under Okawaru
  8649 | D:8      | Noticed a two-headed ogre
  8668 | D:8      | Killed a two-headed ogre
  9010 | D:8      | Found a staircase to the Lair.
  9145 | D:8      | Noticed a cyclops
  9151 | D:8      | Killed a cyclops
  9190 | D:8      | Reached **** piety under Okawaru
 10561 | D:9      | Reached XP level 11. HP: 74/110 MP: 10/10
 10967 | D:9      | Found a stormy altar of Qazlal.
 11041 | D:9      | Found a runed translucent gate.
 11042 | D:9      | Found a runed translucent gate.
 11103 | D:9      | Reached skill level 1 in Invocations
 11279 | D:9      | Found a runed translucent gate.
 11279 | D:9      | Noticed a red ugly thing
 11280 | D:9      | Noticed a red ugly thing
 11285 | D:9      | Noticed a cyan very ugly thing
 11285 | D:9      | Noticed a cyan ugly thing
 11286 | D:9      | Noticed a red ugly thing
 11286 | D:9      | Noticed a glowing orange brain
 11618 | D:10     | Entered Level 10 of the Dungeon
 11635 | D:10     | Noticed a two-headed ogre
 11638 | D:10     | Reached ***** piety under Okawaru
 11639 | D:10     | Received a gift from Okawaru
 11646 | D:10     | Killed a two-headed ogre
 11903 | D:10     | Got a wavering turquoise ring
 11907 | D:10     | Found the +12 Vampire's Tooth {vamp}
 11930 | D:10     | Reached skill level 5 in Invocations
 12101 | D:10     | Identified the ring "Vikinu" {rN+ MR- SInv Stlth+} (You
                  | found it on level 10 of the Dungeon)
 12129 | D:10     | Reached skill level 1 in Dodging
 12357 | D:10     | Found Miexziwi's Antique Weapon Shop.
 12527 | D:10     | Received a gift from Okawaru
 12599 | D:10     | Found Jamink's Book Shoppe.
 12605 | D:10     | Noticed an unseen horror
 12607 | D:10     | Killed an unseen horror
 13075 | D:10     | Received a gift from Okawaru
 13143 | D:11     | Noticed a red ugly thing
 13153 | D:11     | Killed a red ugly thing
 13156 | D:11     | Noticed a two-headed ogre
 13166 | D:11     | Killed a two-headed ogre
 13166 | D:11     | Reached skill level 1 in Short Blades
 13222 | D:11     | Noticed Snorg
 13234 | D:11     | Killed Snorg
 13273 | D:11     | Reached XP level 12. HP: 82/117 MP: 14/14
 13725 | D:11     | Noticed a two-headed ogre
 13741 | D:11     | Killed a two-headed ogre
 13786 | D:11     | Reached ****** piety under Okawaru
 13786 | D:11     | Reached skill level 5 in Dodging
 13917 | D:11     | Received a gift from Okawaru
 14204 | D:11     | Reached skill level 5 in Short Blades
 14399 | D:12     | Noticed a four-headed hydra
 14413 | D:12     | Killed a four-headed hydra
 14428 | D:12     | Noticed Erolcha
 14436 | D:12     | Killed Erolcha
 14503 | D:12     | Noticed a centaur warrior
 14514 | D:12     | Killed a centaur warrior
 14514 | D:12     | Received a gift from Okawaru
 14728 | D:12     | Found a roughly hewn altar of Beogh.
 14728 | D:12     | Found a staircase to the Orcish Mines.
 14739 | D:12     | Received a gift from Okawaru
 15175 | D:12     | Noticed a five-headed hydra
 15184 | D:12     | Killed a five-headed hydra
 15216 | D:12     | Noticed an eight-headed hydra
 15224 | D:12     | Killed an eight-headed hydra
 15581 | D:13     | Received a gift from Okawaru
 15601 | D:13     | Reached XP level 13. HP: 125/125 MP: 16/16
 15645 | D:13     | Found a frozen archway.
 15701 | IceCv    | Entered an ice cave
 17327 | D:13     | Received a gift from Okawaru
 17359 | D:13     | Got an ancient scale mail
 17370 | D:13     | Identified the +10 scale mail "Vofyep" {rN+} (You found it
                  | on level 13 of the Dungeon)
 17617 | D:13     | Got a transparent battleaxe {god gift}
 17624 | D:13     | Reached skill level 15 in Fighting
 17638 | D:13     | Identified the +3 battleaxe "Ultimatum" {venom, *Drain
                  | rElec rPois MR++} (Okawaru gifted it to you on level 13 of
                  | the Dungeon)
 17862 | Lair:1   | Entered Level 1 of the Lair of Beasts
 17923 | Lair:1   | Reached skill level 10 in Short Blades
 18107 | Lair:1   | You fall into a shaft and drop 1 floor!
 18382 | Lair:1   | Received a gift from Okawaru
 19312 | Lair:2   | Found a staircase to the Swamp.
 20030 | Lair:3   | Noticed Urug
 20043 | Lair:3   | Reached XP level 14. HP: 138/138 MP: 16/19
 20058 | Lair:3   | Reached skill level 10 in Shields
 20067 | Lair:3   | Killed Urug
 21095 | Lair:4   | Received a gift from Okawaru
 21256 | Lair:4   | Found a hole to the Spider Nest.
 21939 | Lair:5   | Found a runed translucent door.
 21941 | Lair:5   | Found a viscous altar of Jiyva.
 21946 | Lair:5   | Found a staircase to the Slime Pits.
 21947 | Lair:5   | Noticed an azure jelly
 22060 | Lair:5   | Reached skill level 10 in Armour
 22091 | Lair:5   | Received a gift from Okawaru
 22389 | Lair:6   | Entered Level 6 of the Lair of Beasts
 22395 | Lair:6   | Found a gate leading to a gauntlet.
 22800 | Lair:6   | Got a steaming brass ring
 22956 | Lair:6   | Received a gift from Okawaru
 22961 | Lair:6   | Reached XP level 15. HP: 149/149 MP: 20/20
 23343 | Lair:6   | Identified the ring "Jaqinal" {+Blink rPois rN+ AC+4
                  | Stlth-} (You found it on level 6 of the Lair of Beasts)
 24144 | D:14     | Found a gate to the Vaults.
 24444 | D:14     | Received a gift from Okawaru
 24994 | D:14     | Found Tioparom's Tempting Trifles.
 25003 | D:14     | Bought a +0 tower shield for 63 gold pieces
 25356 | D:15     | Entered Level 15 of the Dungeon
 25356 | D:15     | Found a portal to a secret trove of treasure.
 25366 | D:15     | Received a gift from Okawaru
 25401 | D:15     | Reached XP level 16. HP: 132/162 MP: 21/21
 25422 | D:15     | Paralysed by an orc sorcerer for 6 turns
 25870 | D:15     | Found a staircase to the Depths.
 26384 | Orc:1    | Entered Level 1 of the Orcish Mines
 26562 | Orc:2    | Entered Level 2 of the Orcish Mines
 26562 | Orc:2    | Noticed Nessos
 26577 | Orc:2    | Killed Nessos
 26803 | Orc:1    | Found a roughly hewn altar of Beogh.
 27023 | Orc:2    | Found a roughly hewn altar of Beogh.
 27197 | Orc:2    | Found a staircase to the Elven Halls.
 27292 | Orc:2    | Found a roughly hewn altar of Beogh.
 27313 | Orc:2    | Found a roughly hewn altar of Beogh.
 27429 | Orc:2    | Found Boptum's Antique Armour Emporium.
 27434 | Orc:2    | Found a roughly hewn altar of Beogh.
 27450 | Orc:2    | Found Piatusm's Antique Weapon Shoppe.
 27465 | Orc:2    | Bought the +0 pair of fencer's gloves {Riposte Dex+3} for
                  | 1320 gold pieces
 27465 | Orc:2    | Found the +0 pair of fencer's gloves {Riposte Dex+3}
 27674 | Orc:2    | Found a roughly hewn altar of Beogh.
 27675 | Orc:2    | Found Koisim's Assorted Antiques.
 27759 | Orc:2    | Found a roughly hewn altar of Beogh.
 27850 | Orc:2    | Found a roughly hewn altar of Beogh.
 27870 | Orc:2    | Found Hadeocwu's Antique Armour Emporium.
 27876 | Orc:2    | Bought a pair of scorched boots for 237 gold pieces
 27887 | Orc:2    | Identified the +5 pair of boots of the Seven Nightingales
                  | {+Fly rF- rCorr Stlth+} (You bought it in a shop on level 2
                  | of the Orcish Mines)
 27899 | Orc:2    | Bought a shimmering plate armour for 700 gold pieces
 27911 | Orc:2    | Identified the cursed +0 plate armour of the Gardener
                  | {+Inv} (You bought it in a shop on level 2 of the Orcish
                  | Mines)
 28109 | Swamp:1  | Entered Level 1 of the Swamp
 28294 | Swamp:1  | Received a gift from Okawaru
 28299 | Swamp:1  | Noticed Louise
 28315 | Swamp:1  | Killed Louise
 28639 | Swamp:1  | Reached skill level 15 in Axes
 29213 | Swamp:1  | Got a pair of twisted boots {god gift}
 29224 | Swamp:1  | Identified the +2 pair of boots of Duck's Teeth {MP+9}
                  | (Okawaru gifted it to you on level 1 of the Swamp)
 29499 | Swamp:2  | Identified a scroll of acquirement
 29500 | Swamp:2  | Acquired 1367 gold pieces
 29552 | Swamp:2  | Reached skill level 15 in Shields
 30131 | Swamp:3  | Received a gift from Okawaru
 30552 | Swamp:3  | Reached XP level 17. HP: 170/170 MP: 22/22
 30706 | Swamp:3  | Found a basalt altar of Yredelemnul.
 31246 | Swamp:3  | Received a gift from Okawaru
 31302 | Swamp:3  | Identified the Collected Works on Translocation and
                  | Poisoning
 31360 | Swamp:4  | Entered Level 4 of the Swamp
 32736 | Swamp:4  | Received a gift from Okawaru
 32742 | Swamp:4  | HP: 6/170 [thorn hunter/volley of thorns (42)]
 33246 | Swamp:4  | Found a blossoming altar of Fedhas.
 33673 | Swamp:4  | Found a basalt altar of Yredelemnul.
 33692 | Swamp:4  | Got a decaying rune of Zot
 34187 | Spider:1 | Entered Level 1 of the Spider Nest
 34521 | Spider:1 | Received a gift from Okawaru
 34906 | Spider:1 | Received a gift from Okawaru
 34966 | Spider:1 | Reached XP level 18. HP: 176/178 MP: 23/23
 35852 | Spider:2 | Reached skill level 1 in Evocations
 36870 | Spider:4 | Entered Level 4 of the Spider Nest
 36933 | Spider:4 | Received a gift from Okawaru
 36957 | Spider:4 | Reached skill level 5 in Evocations
 37260 | Spider:4 | Noticed Arachne
 37282 | Spider:4 | Killed Arachne
 37646 | Spider:4 | Noticed Asterion
 37664 | Spider:4 | Killed Asterion
 37709 | Spider:4 | Noticed Nikola
 37726 | Spider:4 | Killed Nikola
 37729 | Spider:4 | Received a gift from Okawaru
 37987 | Spider:4 | Got a gossamer rune of Zot
 38499 | Elf:1    | Entered Level 1 of the Elven Halls
 38551 | Elf:1    | Noticed Agnes
 38565 | Elf:1    | Killed Agnes
 38565 | Elf:1    | Reached XP level 19. HP: 185/185 MP: 24/24
 38870 | Elf:1    | Found Defen's Armour Shoppe.
 38881 | Elf:1    | Noticed Roxanne
 38909 | Elf:1    | Killed Roxanne
 39153 | Elf:1    | Identified the +9 ring mail of Greed {rElec Stlth+}
 39180 | Elf:1    | Found a runed translucent gate.
 39180 | Elf:1    | Found a runed translucent gate.
 39180 | Elf:1    | Found a runed translucent gate.
 39180 | Elf:1    | Found a runed translucent gate.
 39180 | Elf:1    | Found a runed translucent gate.
 39182 | Elf:1    | Found a runed translucent gate.
 40060 | Elf:2    | Received a gift from Okawaru
 40224 | Elf:2    | Found a huge runed translucent gate.
 40224 | Elf:2    | Found a huge runed translucent gate.
 40231 | Elf:2    | Found a huge runed translucent gate.
 40231 | Elf:2    | Found a huge runed translucent gate.
 40231 | Elf:2    | Found a huge runed translucent gate.
 40945 | Elf:2    | Received a gift from Okawaru
 41006 | Elf:2    | Got a pair of crude gloves {god gift}
 41022 | Elf:2    | Identified the +0 pair of gloves of Okawaru's Inspiration
                  | {Slay+5} (Okawaru gifted it to you on level 2 of the Elven
                  | Halls)
 41235 | Elf:3    | Entered Level 3 of the Elven Halls
 41850 | Elf:3    | Identified the +3 scale mail "Iryqyid" {rN+}
 41854 | Elf:3    | Reached XP level 20. HP: 195/195 MP: 25/25
 41861 | Elf:3    | Reached skill level 10 in Evocations
 41868 | Elf:3    | Reached skill level 10 in Dodging
 42504 | Elf:3    | Received a gift from Okawaru
 43099 | Elf:3    | Found the +15 Maxwell's patent armour {-Cast -Tele rElec
                  | MR+ rCorr}
 43130 | Elf:3    | Identified the Volume of Success
 43140 | Elf:3    | Got a glittering turquoise ring
 43141 | Elf:3    | Identified the ring of Vyemaav {rElec Stlth+} (You found it
                  | on level 3 of the Elven Halls)
 43164 | Elf:3    | Identified the Tome of Battle Magic and Feathers
 43585 | Vaults:1 | Entered Level 1 of the Vaults
 44003 | Vaults:1 | Found a runed translucent door.
 44005 | Vaults:1 | Noticed Ynisk's ghost (adept HaHu)
 44121 | Vaults:1 | Killed Ynisk's ghost
 45039 | Vaults:2 | Received a gift from Okawaru
 45705 | Vaults:2 | Received a gift from Okawaru
 45734 | Vaults:2 | Got a translucent scale mail {god gift}
 45737 | Vaults:2 | Identified the +1 scale mail of Rotten Liberty {-Cast rElec
                  | rF+ Str+7} (Okawaru gifted it to you on level 2 of the
                  | Vaults)
 45757 | Vaults:2 | Identified the +0 scale mail of the Kettle-Drum {MR+ Dex+6
                  | Slay-2 Stlth-} (You found it on level 2 of the Vaults)
 45770 | Vaults:2 | Reached XP level 21. HP: 187/206 MP: 26/26
 46186 | Vaults:2 | Found a runed translucent door.
 46186 | Vaults:2 | Noticed Roikka's ghost (adept HOMo)
 46370 | Vaults:2 | Found a staircase to the Crypt.
 46533 | Vaults:2 | Reached skill level 15 in Armour
 47040 | Vaults:2 | Killed Roikka's ghost
 47704 | Vaults:3 | Found Matozxej's Weapon Emporium.
 47721 | Vaults:3 | Found Ukeo's Distillery.
 47721 | Vaults:3 | Found Zon Lutz's Book Emporium.
 47739 | Vaults:3 | Bought a potion of haste for 180 gold pieces
 47739 | Vaults:3 | Bought 2 potions of heal wounds for 180 gold pieces
 47739 | Vaults:3 | Bought a potion of heal wounds for 90 gold pieces
 47739 | Vaults:3 | Bought 2 potions of heal wounds for 180 gold pieces
 47912 | Vaults:3 | Acquired a manual of Short Blades
 48214 | Vaults:4 | Received a gift from Okawaru
 48748 | Vaults:4 | Received a gift from Okawaru
 48786 | Vaults:4 | Reached XP level 22. HP: 156/215 MP: 27/27
 49447 | Vaults:5 | Entered Level 5 of the Vaults
 49447 | Vaults:5 | Noticed Saint Roka
 49464 | Vaults:5 | Paralysed by a floating eye for 2 turns
 50260 | Depths:1 | Entered Level 1 of the Depths
 50280 | Depths:1 | Found a runed translucent door.
 50455 | Depths:1 | Received a gift from Okawaru
 50876 | Depths:1 | Found a gateway to Hell.
 51034 | Depths:1 | Found the amulet of the Air {Inacc +Fly rElec EV+5 RMsl}
 51224 | Depths:1 | Found Wudifuss's Assorted Antiques.
 51233 | Depths:1 | Bought a runed scale mail for 217 gold pieces
 51233 | Depths:1 | Bought a scroll of enchant weapon for 232 gold pieces
 51233 | Depths:1 | Bought a steaming steel ring for 155 gold pieces
 51233 | Depths:1 | Identified the ring "Huasoi" {rElec rC+ Int-3 Dex+3} (You
                  | bought it in a shop on level 1 of the Depths)
 51900 | Depths:1 | Received a gift from Okawaru
 51907 | Depths:1 | Identified the +9 ring mail "Puag" {rElec rPois MP+9 Dex+3}
                  | (Okawaru gifted it to you on level 1 of the Depths)
 52234 | Depths:2 | Found Geutabet's Gadget Shop.
 52238 | Depths:2 | Found Qoroxir's Jewellery Emporium.
 52241 | Depths:2 | Found Sughar's Gadget Shop.
 52319 | Depths:2 | Found a magical portal.
 52335 | WizLab   | Entered Wucad Mu's Monastery
 52965 | WizLab   | Found the +9 staff of Wucad Mu {channel}
 53042 | WizLab   | Reached XP level 23. HP: 211/223 MP: 28/28
 53209 | Depths:2 | Found a one-way gate leading to the halls of Pandemonium.
 53636 | Depths:2 | Found a one-way gate to the infinite horrors of the Abyss.
 53730 | Depths:2 | Reached XP level 24. HP: 231/231 MP: 28/28
 54505 | Depths:3 | Paralysed by you for 7 turns
 54522 | Depths:3 | Paralysed by you for 7 turns
 55180 | Depths:3 | Found Ledweili's Antique Armour Boutique.
 55183 | Depths:3 | Found Vesufypp's Antique Armour Boutique.
 55183 | Depths:3 | Found Rimanur's Distillery.
 55186 | Depths:3 | Found Beseuj's Armour Shop.
 55200 | Depths:3 | Bought the +1 pair of boots "Tobobahu" {rPois rCorr} for
                  | 368 gold pieces
 55221 | Depths:3 | Received a gift from Okawaru
 55239 | Depths:3 | Bought a pair of encrusted boots for 285 gold pieces
 55249 | Depths:3 | Identified the +2 pair of boots of Proximity {rCorr} (You
                  | bought it in a shop on level 3 of the Depths)
 55294 | Depths:3 | Noticed an ancient lich
 55307 | Depths:3 | Killed an ancient lich
 55342 | Depths:3 | Identified Vatwes's Guide on Feathery Creation
 55808 | Depths:3 | Found a gateway to a ziggurat.
 55997 | Depths:4 | Received a gift from Okawaru
 56000 | Depths:4 | Found Ogowkugi's General Store.
 56760 | Depths:4 | Found Joem's Gadget Shoppe.
 56777 | Depths:4 | Received a gift from Okawaru
 56980 | Depths:4 | Noticed a juggernaut
 56983 | Depths:4 | Noticed an ancient lich
 56989 | Depths:4 | Received a gift from Okawaru
 56990 | Depths:4 | Found the +8 trident of the Octopus King {venom, rElec
                  | rPois MR+}
 57126 | Depths:4 | Identified the amulet "Ixeo" {RegenMP MR+ Int+5 Slay+3}
 57138 | Depths:4 | Reached XP level 25. HP: 238/238 MP: 27/28
 57149 | Depths:4 | Killed a juggernaut
 57210 | Depths:4 | Killed an ancient lich
 57451 | Depths:4 | Paralysed by a lich for 6 turns
 57674 | Depths:4 | Identified the Grimoire of Arcane Weapons and Stolen Souls
 57676 | Depths:4 | Identified the Volume of Supportive Flight
 57922 | Depths:4 | Found Misysuu's Antique Armour Boutique.
 57926 | Depths:4 | Bought a buzzing chain mail for 285 gold pieces
 57926 | Depths:4 | Identified the cursed +0 chain mail "Ajiwem" {*Corrode
                  | Slay+3 Stlth+} (You bought it in a shop on level 4 of the
                  | Depths)
 58080 | Depths:5 | Entered Level 5 of the Depths
 58199 | Depths:5 | Noticed a juggernaut
 58219 | Depths:5 | Killed a juggernaut
 58219 | Depths:5 | Reached skill level 10 in Invocations
 58549 | Depths:5 | Received a gift from Okawaru
 58698 | Depths:5 | Found a corrupted altar of Lugonu.
 59144 | Depths:5 | Found a gate to the Realm of Zot.
 59825 | Vaults:5 | Killed Saint Roka
 60111 | Vaults:5 | Received a gift from Okawaru
 60160 | Vaults:5 | Noticed Boris
 60175 | Vaults:5 | Killed Boris
 60266 | Vaults:5 | Found Xasm's Weapon Shop.
 60283 | Vaults:5 | Identified the Compendium of Bewitching Shape Shifting
 60377 | Vaults:5 | Noticed an ancient lich
 60403 | Vaults:5 | Killed an ancient lich
 60453 | Vaults:5 | Reached XP level 26. HP: 240/254 MP: 29/29
 60516 | Vaults:5 | Received a gift from Okawaru
 60592 | Vaults:5 | Got a bloodstained broad axe {god gift}
 60593 | Vaults:5 | Identified the +2 broad axe "Qostrist" {vorpal, rElec Str+4
                  | Stlth+} (Okawaru gifted it to you on level 5 of the Vaults)
 60937 | Vaults:5 | Got a silver rune of Zot
 61102 | Vaults:5 | Noticed Jory
 61111 | Vaults:5 | Killed Jory
 61353 | Vaults:5 | Received a gift from Okawaru
 61481 | Vaults:5 | Found the +8 frozen axe "Frostbite" {freezing cloud, *Noise
                  | +Fly rC+}
 61482 | Vaults:5 | Found Azoxkon's Gadget Shop.
 61504 | Vaults:5 | Got a scintillating bone ring
 61505 | Vaults:5 | Identified the ring of Oboodwaegy {rElec MR- Int+6 SInv
                  | Stlth+} (You found it on level 5 of the Vaults)
 61522 | Vaults:5 | Got a steaming pewter ring
 61523 | Vaults:5 | Identified the ring "Jonesmigao" {rC+ rN+ Str-2 Int+4 SInv}
                  | (You found it on level 5 of the Vaults)
 61534 | Vaults:5 | Identified the +4 chain mail "Ixaod" {rC+} (You found it on
                  | level 5 of the Vaults)
 62170 | Depths:2 | Voluntarily entered the Abyss.
 62170 | Abyss:1  | Found a corrupted altar of Lugonu.
 62304 | Abyss:1  | Found a corrupted altar of Lugonu.
 62807 | Depths:2 | Escaped the Abyss
 62809 | Depths:2 | Voluntarily entered the Abyss.
 62810 | Abyss:1  | Found a corrupted altar of Lugonu.
 62871 | Abyss:1  | Found a corrupted altar of Lugonu.
 62914 | Abyss:2  | Found a corrupted altar of Lugonu.
 63052 | Abyss:3  | Found an ornate altar of the Wu Jian Council.
 63258 | Abyss:3  | Found a transporter.
 63277 | Abyss:3  | Paralysed by accursed screaming for 1 turns
 63337 | Abyss:3  | Found a transporter.
 63358 | Abyss:3  | Found a transporter.
 63359 | Abyss:3  | Got an abyssal rune of Zot
 63747 | Abyss:3  | Received a gift from Okawaru
 63789 | Abyss:3  | Found a shimmering blue altar of Sif Muna.
 63819 | Depths:2 | Escaped the Abyss
 64044 | Depths:2 | Voluntarily entered the Abyss.
 64051 | Abyss:1  | Gained mutation: Potions are less effective at restoring
                  | your health. [a neqoxec]
 64185 | Abyss:1  | Received a gift from Okawaru
 64198 | Abyss:1  | Identified the +10 plate armour of the Lute {rElec Int+4}
                  | (You found it on level 1 of the Abyss)
 64206 | Depths:2 | Escaped the Abyss
 64219 | Depths:2 | Voluntarily entered the Abyss.
 64314 | Abyss:1  | Gained mutation: Potions are poor at restoring your health.
                  | [a cacodemon]
 64329 | Abyss:1  | Reached XP level 27. HP: 266/266 MP: 31/31
 64366 | Abyss:1  | Reached skill level 15 in Dodging
 64414 | Abyss:1  | Found a corrupted altar of Lugonu.
 64451 | Depths:2 | Escaped the Abyss
 65069 | Slime:1  | Entered Level 1 of the Pits of Slime
 65466 | Slime:4  | Gained mutation: Armour fits poorly on your strangely
                  | shaped body. [a shining eye]
 65468 | Slime:4  | Gained mutation: Your magical capacity is low. (-10% MP) [a
                  | shining eye]
 65472 | Slime:4  | Gained mutation: You possess an exceptional clarity of
                  | mind. [a shining eye]
 65985 | Slime:5  | Entered Level 5 of the Pits of Slime
 66167 | Slime:5  | Noticed the Royal Jelly
 66254 | Slime:5  | Killed the Royal Jelly
 66446 | Slime:5  | Found the +9 sword of Zonguldrok {reap}
 66451 | Slime:5  | Got a slimy rune of Zot
 66509 | Slime:5  | Identified the cursed -4 pair of boots of the Lily {Harm}
                  | (You found it on level 5 of the Pits of Slime)
 66531 | Slime:5  | Identified the +1 plate armour of the Eternal Void {rF++
                  | rN+++ Int-2} (You found it on level 5 of the Pits of Slime)
 66906 | Slime:2  | Gained mutation: Your magical capacity is very low. (-20%
                  | MP) [a shining eye]
 67281 | Temple   | Fell from the grace of Okawaru
 67281 | Temple   | Became a worshipper of Zin the Law-Giver
 67281 | Temple   | Reached * piety under Zin
 67281 | Temple   | Reached ** piety under Zin
 67282 | Temple   | Donated 2689 gold pieces to Zin
 67301 | Temple   | Reached *** piety under Zin
 67409 | Temple   | Reached **** piety under Zin
 67509 | Temple   | Reached ***** piety under Zin
 67911 | Temple   | Donated 1345 gold pieces to Zin
 67933 | Temple   | Reached ****** piety under Zin
 67934 | Temple   | Lost mutation: You possess an exceptional clarity of mind.
                  | [potion of mutation]
 67934 | Temple   | Lost mutation: Potions are poor at restoring your health.
                  | [potion of mutation]
 67935 | Temple   | Lost mutation: Potions are less effective at restoring your
                  | health. [potion of mutation]
 67935 | Temple   | Lost mutation: Your magical capacity is very low. (-20% MP)
                  | [potion of mutation]
 67935 | Temple   | Lost mutation: Your magical capacity is low. (-10% MP)
                  | [potion of mutation]
 67935 | Temple   | Lost mutation: Armour fits poorly on your strangely shaped
                  | body. [potion of mutation]
 67956 | Temple   | Fell from the grace of Zin
 67956 | Temple   | Became a worshipper of the Shining One
 67956 | Temple   | Reached * piety under the Shining One
 67956 | Temple   | Reached ** piety under the Shining One
 67956 | Temple   | Reached *** piety under the Shining One
 68229 | Crypt:1  | Entered Level 1 of the Crypt
 68229 | Crypt:1  | Noticed Boris
 68237 | Crypt:1  | Killed Boris
 69007 | Crypt:1  | Reached **** piety under the Shining One
 69544 | Crypt:1  | Identified Voriarph's Volume of Burning Attacks
 69647 | Crypt:1  | Reached ***** piety under the Shining One
 69665 | Crypt:1  | Reached skill level 27 in Fighting
 69680 | Crypt:1  | Identified the +2 pair of boots "Xulen" {rC+ Regen+ Str+4}
                  | (You found it on level 1 of the Crypt)
 69871 | Crypt:2  | Noticed Boris
 69884 | Crypt:2  | Killed Boris
 69971 | Crypt:2  | Found a huge runed gate.
 69972 | Crypt:2  | Found a huge runed gate.
 69973 | Crypt:2  | Found a huge runed gate.
 69973 | Crypt:2  | Found a huge runed gate.
 69975 | Crypt:2  | Found a huge runed gate.
 69975 | Crypt:2  | Found a huge runed gate.
 69976 | Crypt:2  | Found a huge runed gate.
 69977 | Crypt:2  | Found a huge runed gate.
 70131 | Crypt:2  | Found a huge runed gate.
 70131 | Crypt:2  | Found a huge runed gate.
 70131 | Crypt:2  | Found a huge runed gate.
 70131 | Crypt:2  | Found a huge runed gate.
 70561 | Crypt:2  | Found a huge runed gate.
 70561 | Crypt:2  | Found a huge runed gate.
 70561 | Crypt:2  | Found a huge runed gate.
 70561 | Crypt:2  | Found a huge runed gate.
 70561 | Crypt:2  | Found a huge runed gate.
 70572 | Crypt:2  | Found a huge runed gate.
 70572 | Crypt:2  | Found a huge runed gate.
 70572 | Crypt:2  | Found a huge runed gate.
 70572 | Crypt:2  | Found a huge runed gate.
 70577 | Crypt:2  | Found a huge runed gate.
 70577 | Crypt:2  | Found a huge runed gate.
 70577 | Crypt:2  | Found a huge runed gate.
 70655 | Crypt:2  | Reached ****** piety under the Shining One
 70721 | Crypt:2  | Identified a +9 broad axe of holy wrath (a +8 broad axe of
                  | venom blessed by the Shining One)
 70721 | Crypt:2  | Received a gift from the Shining One
 70731 | Crypt:2  | Identified the cursed +0 cloak of Docigepi {Harm +Fly MR-
                  | Regen+} (You found it on level 2 of the Crypt)
 70905 | Crypt:3  | Entered Level 3 of the Crypt
 71115 | Crypt:3  | Reached skill level 15 in Invocations
 71174 | Crypt:3  | Found a basalt altar of Yredelemnul.
 71174 | Crypt:3  | Noticed Bai Suzhen
 71185 | Crypt:3  | Killed Bai Suzhen
 72091 | Crypt:3  | Noticed Khufu
 72108 | Crypt:3  | Killed Khufu
 72441 | Crypt:3  | Found a staircase to the Tomb.
 72828 | D:15     | Was forgiven by Okawaru
 72905 | Hell     | Entered the Vestibule of Hell
 72905 | Hell     | Noticed Geryon
 72924 | Hell     | Killed Geryon
 72942 | Hell     | Found a gateway to the ashen valley of Gehenna.
 73099 | Hell     | Found a gateway to the decaying netherworld of Tartarus.
 73184 | Hell     | Found a gateway to the freezing wastes of Cocytus.
 73310 | Hell     | Found a gateway to the Iron City of Dis.
 73440 | Geh:1    | Entered Level 1 of Gehenna
 74261 | Geh:7    | Entered Level 7 of Gehenna
 75028 | Geh:7    | Identified the Papyrus of the Snowflakes and Intoxication
 75035 | Geh:7    | Identified the Tome of the Mountains
 75319 | Geh:7    | Identified the +7 sceptre of Asmodeus
 75319 | Geh:7    | Noticed Asmodeus
 75331 | Geh:7    | Killed Asmodeus
 75366 | Geh:7    | Got an obsidian rune of Zot
 75574 | Tar:1    | Entered Level 1 of Tartarus
 75879 | Tar:4    | You fall into a shaft and drop 2 floors!
 76186 | Tar:7    | Entered Level 7 of Tartarus
 77023 | Tar:7    | Identified the +8 broad axe "Lumucs" {holy, +Blink Str+4
                  | SInv} (You found it on level 7 of Tartarus)
 77122 | Tar:7    | Noticed Ereshkigal
 77142 | Tar:7    | Killed Ereshkigal
 77165 | Tar:7    | Found the +8 storm bow {elec, penet}
 77165 | Tar:7    | Identified the Papyrus of Creative Transmigration
 77170 | Tar:7    | Got a coiled ivory ring
 77171 | Tar:7    | Identified the ring of Jeczaora {rElec Dex+5 SInv Stlth+}
                  | (You found it on level 7 of Tartarus)
 77174 | Tar:7    | Got a bone rune of Zot
 77522 | Coc:1    | Entered Level 1 of Cocytus
 78531 | Coc:5    | Reached skill level 27 in Axes
 79375 | Coc:7    | Entered Level 7 of Cocytus
 79895 | Coc:7    | Noticed Antaeus
 79916 | Coc:7    | Killed Antaeus
 79924 | Coc:7    | Found the +0 mask of the Dragon {MR+ Slay+3 SInv}
 79939 | Coc:7    | Got an icy rune of Zot
 80156 | Dis:1    | Entered Level 1 of the Iron City of Dis
 80565 | Dis:5    | Found a burning altar of Makhleb.
 81088 | Dis:7    | Entered Level 7 of the Iron City of Dis
 81390 | Dis:7    | Identified the cursed +0 tower shield "Qegoromavo" {+Blink
                  | Stlth+}
 81789 | Dis:7    | Identified the +4 staff of Dispater
 81789 | Dis:7    | Noticed Dispater
 81806 | Dis:7    | Killed Dispater
 81838 | Dis:7    | Got an iron rune of Zot
 82035 | Zot:1    | Entered Level 1 of the Realm of Zot
 82141 | Zot:1    | Noticed an orb of fire
 82426 | Zot:1    | Gained mutation: You do not regenerate when monsters are
                  | visible. [an orb of fire]
 82429 | Zot:1    | Gained mutation: You are weak. (Str -2) [an orb of fire]
 82441 | Zot:1    | Gained mutation: You are very weak. (Str -4) [an orb of
                  | fire]
 82442 | Zot:1    | Killed an orb of fire
 83073 | Zot:1    | Reached skill level 27 in Armour
 84896 | Pan      | Entered Pandemonium
 84948 | Pan      | Gained mutation: You are clumsy. (Dex -2) [a cacodemon]
 84957 | Pan      | Lost mutation: You are clumsy. (Dex -2) [potion of
                  | mutation]
 84957 | Pan      | Lost mutation: You are very weak. (Str -4) [potion of
                  | mutation]
 84957 | Pan      | Gained mutation: You are partially covered in large bone
                  | plates. (SH +4) [potion of mutation]
 84957 | Pan      | Gained mutation: You are occasionally teleported next to
                  | monsters. [potion of mutation]
 84957 | Pan      | Gained mutation: You are surrounded by a mild repulsion
                  | field. (EV +2) [potion of mutation]
 84957 | Pan      | Gained mutation: You have sharp toenails. [potion of
                  | mutation]
 85295 | Pan      | Noticed Muw Arre the pandemonium lord
 85312 | Pan      | Killed Muw Arre the pandemonium lord
 85379 | Pan      | Gained mutation: Your magical capacity is low. (-10% MP) [a
                  | neqoxec]
 85383 | Pan      | Noticed Huameoc the pandemonium lord
 85393 | Pan      | Killed Huameoc the pandemonium lord
 85790 | Pan      | Found an exit through the horrors of the Abyss.
 85871 | Pan      | Entered the realm of Cerebov.
 85886 | Pan      | Identified the +6 sword of Cerebov {flame}
 85886 | Pan      | Noticed Cerebov
 85906 | Pan      | Killed Cerebov
 85949 | Pan      | Identified the +12 crystal plate armour of Parlour Games
                  | {rCorr MP+9 Str-2 Slay+5} (You found it in Pandemonium)
 85996 | Pan      | Got a scorched brass ring
 85999 | Pan      | Identified the ring "Eguxuol" {+Blink +Inv rCorr Stlth+}
                  | (You found it in Pandemonium)
 86154 | Pan      | Identified the +4 broad axe "Peluimuc" {vorpal, MP+9 Str+6
                  | SInv} (You found it in Pandemonium)
 86231 | Pan      | Identified The Second Course in Spellcasting
 86236 | Pan      | Got a fiery rune of Zot
 86412 | Pan      | Gained mutation: You are frail. (-10% HP) [a neqoxec]
 86419 | Pan      | Lost mutation: You do not regenerate when monsters are
                  | visible. [potion of mutation]
 86419 | Pan      | Lost mutation: You are partially covered in large bone
                  | plates. (SH +4) [potion of mutation]
 86419 | Pan      | Lost mutation: Your magical capacity is low. (-10% MP)
                  | [potion of mutation]
 86419 | Pan      | Lost mutation: You are weak. (Str -2) [potion of mutation]
 86419 | Pan      | Gained mutation: Your flesh is heat resistant. (rF+)
                  | [potion of mutation]
 86419 | Pan      | Gained mutation: You can translocate small distances at
                  | will. [potion of mutation]
 86691 | Pan      | Entered the realm of Gloorx Vloq.
 86744 | Pan      | Reached skill level 27 in Invocations
 86754 | Pan      | Noticed Gloorx Vloq
 86763 | Pan      | Killed Gloorx Vloq
 86783 | Pan      | Got a dark rune of Zot
 86888 | Pan      | Found an exit through the horrors of the Abyss.
 87030 | Pan      | Entered the realm of Mnoleg.
 87032 | Pan      | Gained mutation: Your magical capacity is low. (-10% MP) [a
                  | neqoxec]
 87062 | Pan      | Gained mutation: Your skin changes colour to match your
                  | surroundings (Stealth+). [a shining eye]
 87073 | Pan      | Noticed Mnoleg
 87092 | Pan      | Lost intelligence.
 87095 | Pan      | Killed Mnoleg
 87097 | Pan      | Gained mutation: You are dopey. (Int -2) [a neqoxec]
 87102 | Pan      | Gained mutation: Your magical capacity is very low. (-20%
                  | MP) [a neqoxec]
 87119 | Pan      | Gained mutation: Scrolls take you a little longer to read.
                  | [a neqoxec]
 87122 | Pan      | Gained mutation: You are clumsy. (Dex -2) [a neqoxec]
 87166 | Pan      | Gained mutation: Your body sometimes deteriorates upon
                  | taking damage. [a shining eye]
 87169 | Pan      | Gained mutation: You are very frail. (-20% HP) [a shining
                  | eye]
 87170 | Pan      | Gained mutation: Armour fits poorly on your strangely
                  | shaped body. [a shining eye]
 87170 | Pan      | Gained mutation: You occasionally shout uncontrollably at
                  | your foes. [a shining eye]
 87173 | Pan      | Gained mutation: Scrolls take you longer to read. [a
                  | shining eye]
 87173 | Pan      | Lost mutation: You have sharp toenails. [a shining eye]
 87187 | Pan      | Gained mutation: Scrolls take you much longer to read. [a
                  | neqoxec]
 87217 | Pan      | Gained mutation: Your magical capacity is extremely low.
                  | (-30% MP) [a cacodemon]
 87337 | Pan      | Got a glowing rune of Zot
 87372 | Pan      | Gained mutation: You are very clumsy. (Dex -4) [a
                  | cacodemon]
 87539 | Pan      | Noticed Duniadgh the pandemonium lord
 87547 | Pan      | Killed Duniadgh the pandemonium lord
 87552 | Depths:2 | Escaped Pandemonium
 87553 | Depths:2 | Lost mutation: Your magical capacity is extremely low.
                  | (-30% MP) [potion of mutation]
 87553 | Depths:2 | Lost mutation: You are dopey. (Int -2) [potion of mutation]
 87553 | Depths:2 | Lost mutation: You are very frail. (-20% HP) [potion of
                  | mutation]
 87553 | Depths:2 | Gained mutation: You have a pair of large horns on your
                  | head. [potion of mutation]
 87554 | Depths:2 | Lost mutation: You are very clumsy. (Dex -4) [potion of
                  | mutation]
 87554 | Depths:2 | Lost mutation: Scrolls take you much longer to read.
                  | [potion of mutation]
 87554 | Depths:2 | Lost mutation: Scrolls take you longer to read. [potion of
                  | mutation]
 87554 | Depths:2 | Lost mutation: You occasionally shout uncontrollably at
                  | your foes. [potion of mutation]
 87554 | Depths:2 | Lost mutation: Your body sometimes deteriorates upon taking
                  | damage. [potion of mutation]
 87554 | Depths:2 | Gained mutation: You passively map a small area around you.
                  | [potion of mutation]
 87608 | Depths:3 | Reached skill level 27 in Shields
 87628 | Depths:3 | Bought a potion of mutation for 168 gold pieces
 87628 | Depths:3 | Lost mutation: You are occasionally teleported next to
                  | monsters. [potion of mutation]
 87628 | Depths:3 | Lost mutation: You are frail. (-10% HP) [potion of
                  | mutation]
 87628 | Depths:3 | Lost mutation: You have a pair of large horns on your head.
                  | [potion of mutation]
 87628 | Depths:3 | Gained mutation: You are partially covered in slimy green
                  | scales. (AC +2) [potion of mutation]
 87676 | Pan      | Entered Pandemonium
 87676 | Pan      | Noticed Kemnoo the pandemonium lord
 87689 | Pan      | Killed Kemnoo the pandemonium lord
 88190 | Pan      | Reached skill level 15 in Evocations
 88308 | Pan      | Gained mutation: You are very clumsy. (Dex -4) [a
                  | cacodemon]
 88732 | Pan      | Entered the realm of Lom Lobon.
 88734 | Pan      | Noticed Lom Lobon
 88752 | Pan      | Killed Lom Lobon
 88794 | Pan      | Got a magical rune of Zot
 89017 | Pan      | Identified the cursed +0 cloak of the Wasteland {MR+ rCorr
                  | Dex-5} (You found it in Pandemonium)
 89117 | Pan      | Found a runed translucent door.
 89123 | Pan      | Found a runed translucent door.
 89124 | Pan      | Found a runed translucent door.
 89140 | Pan      | Gained mutation: You are weak. (Str -2) [a neqoxec]
 89205 | Pan      | Found an exit through the horrors of the Abyss.
 89252 | Pan      | Gained mutation: You occasionally shout uncontrollably at
                  | your foes. [a neqoxec]
 89356 | Pan      | Acquired 347 gold pieces
 89359 | Pan      | Acquired a manual of Bows
 89395 | Pan      | Gained mutation: Your magical capacity is extremely low.
                  | (-30% MP) [a cacodemon]
 89578 | Pan      | Found an exit through the horrors of the Abyss.
 89690 | Pan      | Noticed Pugorch the pandemonium lord
 89706 | Pan      | Killed Pugorch the pandemonium lord
 90283 | Pan      | Gained mutation: You are frail. (-10% HP) [a neqoxec]
 90285 | Pan      | Gained mutation: You are very weak. (Str -4) [a neqoxec]
 90288 | Pan      | Found a huge runed translucent gate.
 90291 | Pan      | Found a huge runed translucent gate.
 90292 | Pan      | Found a huge runed translucent gate.
 90293 | Pan      | Found a huge runed translucent gate.
 90293 | Pan      | Found a huge runed translucent gate.
 90293 | Pan      | Found a huge runed translucent gate.
 90305 | Pan      | Found a huge runed translucent gate.
 90313 | Pan      | Noticed Vazeam the pandemonium lord
 90334 | Pan      | Killed Vazeam the pandemonium lord
 90372 | Pan      | Got a demonic rune of Zot
 90643 | Pan      | Noticed Culeifoth the pandemonium lord
 90659 | Pan      | Killed Culeifoth the pandemonium lord
 91563 | Depths:3 | Escaped Pandemonium
 92022 | Tomb:1   | Entered Level 1 of the Tomb of the Ancients
 92211 | Tomb:1   | Lost mutation: Your flesh is heat resistant. (rF+) [potion
                  | of mutation]
 92211 | Tomb:1   | Lost mutation: Armour fits poorly on your strangely shaped
                  | body. [potion of mutation]
 92211 | Tomb:1   | Lost mutation: You can translocate small distances at will.
                  | [potion of mutation]
 92211 | Tomb:1   | Lost mutation: You are frail. (-10% HP) [potion of
                  | mutation]
 92211 | Tomb:1   | Gained mutation: You evolve. [potion of mutation]
 92506 | Orc:2    | Bought a potion of mutation for 232 gold pieces
 92506 | Orc:2    | Lost mutation: You are very clumsy. (Dex -4) [potion of
                  | mutation]
 92506 | Orc:2    | Lost mutation: Scrolls take you a little longer to read.
                  | [potion of mutation]
 92506 | Orc:2    | Lost mutation: You are very weak. (Str -4) [potion of
                  | mutation]
 92506 | Orc:2    | Lost mutation: Your magical capacity is extremely low.
                  | (-30% MP) [potion of mutation]
 92506 | Orc:2    | Gained mutation: You are partially covered in yellow
                  | scales. (AC +2) [potion of mutation]
 92950 | Tomb:1   | Noticed a greater mummy
 92959 | Tomb:1   | Gained mutation: Armour fits poorly on your strangely
                  | shaped body. [a neqoxec]
 92960 | Tomb:1   | Killed a greater mummy
 93344 | Tomb:1   | Noticed a greater mummy
 93352 | Tomb:1   | Killed a greater mummy
 93997 | Tomb:1   | Noticed a greater mummy
 93997 | Tomb:1   | Noticed a greater mummy
 94002 | Tomb:1   | Killed a greater mummy
 94003 | Tomb:1   | Killed a greater mummy
 94076 | Tomb:1   | Noticed a greater mummy
 94080 | Tomb:1   | Killed a greater mummy
 94358 | Tomb:1   | Noticed a greater mummy
 94370 | Tomb:1   | Killed a greater mummy
 94374 | Tomb:1   | Noticed a greater mummy
 94379 | Tomb:1   | Noticed a greater mummy
 94382 | Tomb:1   | Noticed a greater mummy
 94383 | Tomb:1   | Killed a greater mummy
 94384 | Tomb:1   | Noticed a greater mummy
 94390 | Tomb:1   | Killed a greater mummy
 94390 | Tomb:1   | Killed a greater mummy
 94395 | Tomb:1   | Killed a greater mummy
 94809 | Tomb:1   | Noticed a greater mummy
 94810 | Tomb:1   | Noticed a greater mummy
 94817 | Tomb:1   | Killed a greater mummy
 94826 | Tomb:1   | Killed a greater mummy
 95094 | Tomb:1   | Noticed a greater mummy
 95095 | Tomb:1   | Noticed a greater mummy
 95097 | Tomb:1   | Noticed a greater mummy
 95104 | Tomb:1   | Killed a greater mummy
 95107 | Tomb:1   | Killed a greater mummy
 95107 | Tomb:1   | Noticed a greater mummy
 95109 | Tomb:1   | Killed a greater mummy
 95117 | Tomb:1   | Killed a greater mummy
 95516 | Tomb:1   | Noticed a greater mummy
 95524 | Tomb:1   | Killed a greater mummy
 96000 | Tomb:3   | Entered Level 3 of the Tomb of the Ancients
 96033 | Tomb:3   | Noticed a greater mummy
 96034 | Tomb:3   | Noticed a greater mummy
 96040 | Tomb:3   | Noticed a greater mummy
 96040 | Tomb:3   | Noticed a greater mummy
 96042 | Tomb:3   | Killed a greater mummy
 96044 | Tomb:3   | Killed a greater mummy
 96048 | Tomb:3   | Noticed an ancient lich
 96541 | Tomb:3   | Noticed a greater mummy
 96542 | Tomb:3   | Gained mutation: Scrolls take you a little longer to read.
                  | [mutagenic glow]
 96544 | Tomb:3   | Noticed a greater mummy
 96546 | Tomb:3   | Noticed a greater mummy
 96547 | Tomb:3   | Noticed a greater mummy
 96548 | Tomb:3   | Killed a greater mummy
 96548 | Tomb:3   | HP: 4/273 [ancient lich/bolt of cold (18)]
 96550 | Tomb:3   | Lost mutation: Armour fits poorly on your strangely shaped
                  | body. [mutagenic glow]
 96553 | Tomb:3   | Killed an ancient lich
 96554 | Tomb:3   | Killed a greater mummy
 96555 | Tomb:3   | HP: 12/273 [mummy priest/divine providence (8)]
 96557 | Tomb:3   | HP: 1/273 [emperor scorpion[a greater mummy] (12)]
 96557 | Tomb:3   | Killed from afar by a greater mummy

Illustrated notes

Levels and vault maps discovered:
D:1:      dpeg_arrival_boxorama, layout_loops_ring, minmay_tree_intersection
D:2:      layout_rooms, serial_bayou_crossing
D:3:      layout_basic
D:4:      layout_cave_pods, minmay_strange_pillars, st_stairs_8, uniq_pikel
D:5:      layout_loops_corners, basic_altar, uniq_sigmund, uniq_duvessa
D:6:      layout_loops_ring, minmay_temple_entry_enclosed_plants
D:7:      layout_layer_cave, uniq_harold
D:8:      minmay_the_grid_triangle_9x9_rhombus_full
          [minmay_the_grid_triangle_9x9_longest,
          minmay_the_grid_triangle_9x9_odd_lines,
          minmay_the_grid_triangle_9x9_impossible_snake,
          minmay_the_grid_triangle_9x9_intruding_spiral,
          minmay_the_grid_triangle_9x9_skeleton,
          minmay_the_grid_triangle_9x9_corruption,
          minmay_the_grid_triangle_9x9_flanged_cone,
          minmay_the_grid_triangle_9x9_prize_insulated], layout_loops_ring,
          enter_ossuary_2, nicolae_straight_to_the_point
D:9:      layout_basic, grunt_qazlal_sundering,
          ploomutoo_gammafunk_ghost_potion_laboratory, grunt_decor_cap
D:10:     layout_cross, serial_shops, shop, serial_gnoll_camp,
          gnoll_camp_mini_sergeant, gnoll_camp_medium_01, gnoll_camp_mini_shop,
          gnoll_camp_mini_hut, kennysheep_cross_room,
          minmay_guarded_unrand_vampires_tooth
D:11:     layout_loops_cross, uniq_snorg
D:12:     layout_gridville, david_orc_5, uniq_erolcha
D:13:     layout_rooms, portal_ice_cave_entry_imps
D:14:     minmay_crescents, layout_basic, david_vaults_3,
          grunt_decor_mini_mirrors, special_room [special_room_orc],
          nicolae_alphabet_shops
D:15:     hangedman_depths_entry_civil_slaughter, layout_cave_pools,
          hangedman_decor_push, enter_trove_0
Temple:   nicolae_temple_the_god_donut
Lair:1:   layout_roguey [special_room_bee], beast_lair_carwin_11,
          serial_bayou_shore_a
Lair:2:   layout_gridlike, minmay_swamp_entry_wisps, st_stairs_12,
          lemuel_fruit_fields, lemuel_fruit_tree, infiniplex_staircase_pool_2
Lair:3:   layout_small_grid, serial_bayou_pond_e, uniq_urug
Lair:4:   layout_regular_city, spider_nest_entry_funnel_web,
          lemuel_fruit_fields, grunt_megastairs_2
Lair:5:   layout_cave_shapes, slime_altar_2, beast_lair_carwin_5,
          infiniplex_staircase_pool, grunt_megastairs_3
Lair:6:   evilmike_catoblepas_cave, layout_layer_cave, gauntlet_entry_generic,
          st_stairs_13
Swamp:1:  layout_falls_marsh, serial_swamp_ruin, evilmike_swamp_ruin_rubble_1,
          hangedman_swamp_ruin_wall, swamp_pool4, uniq_louise
Swamp:2:  layout_basic_swamp, hangedman_swamp_pad, swamp_pool3
Swamp:3:  cheibrodos_swamp_heart_of_darkness, layout_basic_swamp,
          nicolae_swamp_godswood
Swamp:4:  byrel_swamp_growth_death_and_undeath, layout_basic_swamp
Spider:1: layout_chambers
Spider:2: layout_spider_delve
Spider:3: layout_spider_delve
Spider:4: grunt_spider_rune_parallel, nicolae_spider_ant_collections,
          uniq_arachne, uniq_nikola, uniq_asterion
Slime:1:  layout_caves
Slime:2:  layout_caves, nicolae_slime_round_cave
Slime:3:  layout_caves, nicolae_slime_phagocytosis
Slime:4:  cheibrodos_slime_lost_civilization_8, layout_caves,
          cheibrodos_slime_lost_civilization_4
Slime:5
Orc:1:    layout_diamond_mine, david_defended_altar_orc
Orc:2:    grunt_orc_community_town_hall, layout_diamond_mine,
          grunt_orc_community_big_house_1, grunt_orc_community_big_house_2,
          grunt_orc_community_house_2, grunt_orc_community_house_1,
          grunt_orc_community_house_1, grunt_orc_community_house_2,
          grunt_orc_community_house_2, grunt_orc_community_house_2, uniq_nessos
Elf:1:    layout_loops_corners, serial_shops, nicolae_shop_statue_plus,
          orc_legates, uniq_agnes, uniq_roxanne
Elf:2:    layout_geoelf_grid
Elf:3:    minmay_elf_hall, layout_geoelf_octagon, st_stairs_3,
          serial_sigils_hangedman_leer
Vaults:1: ebering_vaults_ghost_reflecting_pool, v_misc_29, v_pattern_4,
          ontoclasm_vaults_claustrophobia, ontoclasm_vaults_ligature, v_misc_12,
          nicolae_vaults_mini_display_case, vaults_dpeg_ring, vaults_dpeg_hooks,
          ontoclasm_vaults_shuriken, grunt_vaults_hallway_short,
          ontoclasm_vaults_decontamination, layout_vaults_maze_bifur
Vaults:2: gammafunk_vaults_ghost_grave, hangedman_vaults_hat,
          hangedman_vaults_stretched_pinwheel, nicolae_vaults_little_ls,
          nicolae_vaults_big_ls, hangedman_vaults_slice, vaults_dpeg_cross,
          vaults_mumra_hex, v_misc_27, minmay_crypt_entry_simple_corners,
          v_alt_pattern_5, layout_vaults_quadrants
Vaults:3: hangedman_vaults_hard_town_square, hangedman_vaults_maws,
          vaults_mumra_chevron_long, vaults_mumra_minichess_inversion,
          ontoclasm_vaults_hangar, grunt_vaults_focal, grunt_vaults_twisty,
          nicolae_vaults_yaktaur_gun_rack, serial_ice_g, layout_vaults_omnibox
Vaults:4: nicolae_vaults_shelves_hall, hangedman_vaults_river_flow,
          vaults_room_corners, v_misc_26, hangedman_vaults_pinch,
          nicolae_vaults_angled_halls, vaults_mumra_chevron,
          nicolae_vaults_little_squares_1, nicolae_vaults_network_quinsquares
          [nicolae_vaults_network_quincunx_subvault,
          nicolae_vaults_network_quincunx_subvault,
          nicolae_vaults_network_quincunx_subvault,
          nicolae_vaults_network_quincunx_subvault], layout_vaults_big_room
Vaults:5: uniq_jory, uniq_saint_roka, uniq_boris
Crypt:1:  layout_chaotic_city, st_small_mortuary, grunt_crypt_arrival_webbed
Crypt:2:  layout_chaotic_city, not_door_vault_due
Crypt:3:  grunt_crypt_end_deaths_head, uniq_bai_suzhen
Tomb:1
Tomb:2:   uniq_khufu
Tomb:3
Depths:1: minmay_outward_triangles, layout_cave_shapes, minivault_14,
          hell_entry, minivault_15, grunt_decor_arrowhead, minmay_acid_items,
          minmay_shop_star
Depths:2: minmay_glassy_protrusions, layout_gridlike,
          hangedman_tar_grid_catacomb, pan_entry, infiniplex_enter_wizlab_water,
          minmay_room_of_horrors, lemuel_flamethrower_2, minmay_shop_grove
Depths:3: gammafunk_mikee_crab_dinner, layout_gridlike, enter_ziggurat_a,
          special_room [special_room_magic_class], nicolae_lava_and_water,
          pan_entry, grunt_hell_entry_dis_old, infiniplex_staircase_zigzag_5,
          minmay_shoptagon
Depths:4: cross_vault, layout_basic, serial_shops, nicolae_shop_stone, shop,
          shop, grunt_hell_horde, rand_demon_pan_entry_3,
          abyss_entry_small_statue_room, minislime_mu, minmay_staircase_bubble
Depths:5: grunt_zot_entry_bicorn, layout_basic,
          hangedman_abyss_or_decor_jellyfish_corner, abyss_entry_flame_altar,
          hellmouth_3, minmay_misc_feat_cross
Hell
Dis:1:    layout_subdivisions
Dis:2:    layout_regular_city, door_vault
Dis:3:    lemuel_dis_dragons, layout_subdivisions
Dis:4:    layout_subdivisions
Dis:5:    layout_chaotic_city, hangedman_feature_mirror
Dis:6:    layout_overlapping_boxes
Dis:7:    iron_city_of_dis [dis_old, dis_wall_4], layout_chaotic_city,
          nicolae_dis_lava_storage_tank
Geh:1:    layout_gehenna_lava_caves
Geh:2:    layout_gehenna_pools_triple
Geh:3:    layout_gehenna_pools_box, nicolae_geh_single_fiery_grave
Geh:4:    layout_gehenna_pools_basic
Geh:5:    layout_gehenna_pools_triple
Geh:6:    layout_gehenna_pools_triple
Geh:7:    evilmike_geh
Coc:1:    grunt_deathspiral_small, layout_cocytus_water_paths
Coc:2:    layout_ice_bergs
Coc:3:    layout_cocytus_water_paths
Coc:4:    layout_ice_bergs, lemuel_elevator
Coc:5:    layout_cocytus_water_paths
Coc:6:    layout_ice_bergs
Coc:7:    coc_grunt
Tar:1:    layout_catacombs
Tar:2:    layout_cathedral_of_symmetry
Tar:3:    layout_grid_maze
Tar:4:    layout_cathedral_of_symmetry, nicolae_tar_cuneiform_sun,
          nicolae_tar_cuneiform_oil
Tar:6:    layout_honeycomb
Tar:7:    tar_minmay_river
Zot:1:    infiniplex_zot_generator, layout_basic, bh_zot_levy_curve
Zot:2:    layout_misc_corridors

Skill      XL: |  1  2  3  4  5  6  7  8  9 10 11 12 13 14 15 16 17 18 19 20 21 22 23 24 25 26 27 |
---------------+----------------------------------------------------------------------------------+-----
Fighting       | 4 5 6 8 9 10 13 14 16 18 19 20 21 22 24 25 27 | 27.0
Axes           | 3 4 5 6 7 8 10 13 14 16 18 20 21 22 23 27 | 27.0
Armour         | 5 7 8 10 11 14 16 19 20 22 27 | 27.0
Shields        | 5 7 9 11 12 15 17 19 20 22 27 | 27.0
Invocations    | 5 6 8 10 12 27 | 27.0
Dodging        | 4 5 8 9 10 12 14 20 | 20.0
Short Blades   | 2 9 10 11 13 | 13.3
Evocations     | 7 9 10 13 14 24 | 24.0

Action                   |  1- 3 |  4- 6 |  7- 9 | 10-12 | 13-15 | 16-18 | 19-21 | 22-24 | 25-27 || total
-------------------------+-------+-------+-------+-------+-------+-------+-------+-------+-------++-------
Melee: War axe           |    38 |       |       |       |       |       |       |       |       ||    38
       Headbutt          |    11 |    17 |    46 |   216 |   474 |   460 |   323 |   279 |  1715 ||  3541
       Hand axe          |    41 |    97 |   212 |   376 |    92 |       |       |       |       ||   818
       Quick blade       |       |       |       |   292 |  1323 |  1205 |   594 |    37 |   329 ||  3780
       Morningstar       |       |       |       |    16 |       |       |       |       |       ||    16
       Broad axe         |       |       |       |       |    16 |   341 |   566 |   876 |  5191 ||  6990
Invok: Heroism           |       |       |       |    11 |    21 |    24 |    20 |    13 |    15 ||   104
       Finesse           |       |       |       |       |     7 |     7 |     7 |     3 |     6 ||    30
       Cleansing Flame   |       |       |       |       |       |       |       |       |   137 ||   137
       Divine Shield     |       |       |       |       |       |       |       |       |    27 ||    27
       Summon Divine War |       |       |       |       |       |       |       |       |    26 ||    26
       Donate Gold       |       |       |       |       |       |       |       |       |     2 ||     2
       Brand Weapon With |       |       |       |       |       |       |       |       |     1 ||     1
 Abil: Evoke Blink       |       |       |       |       |       |       |       |       |    10 ||    10
Evoke: Wand              |       |     1 |       |     3 |     6 |    22 |       |     4 |    33 ||    69
       Tin of tremorston |       |       |       |       |       |       |     2 |     1 |     3 ||     6
       Condenser vane    |       |       |       |       |       |       |     1 |     1 |     2 ||     4
  Use: Scroll            |       |       |    13 |    11 |     6 |     8 |    11 |     9 |    52 ||   110
       Potion            |       |       |     1 |       |     1 |     3 |     2 |     4 |    42 ||    53
 Stab: Confused          |       |       |       |       |       |     2 |       |       |       ||     2
       Distracted        |       |       |       |       |       |       |       |     1 |     1 ||     2
Armor: Scale mail        |    42 |    26 |    44 |    87 |   117 |   419 |   113 |   237 |   144 ||  1229
       Plate armour      |       |       |       |    21 |   159 |       |       |       |   688 ||   868
       Gold dragon scale |       |       |       |       |       |       |       |       |   320 ||   320
Dodge: Dodged            |    20 |    22 |    46 |   180 |   270 |   319 |   147 |   288 |  1393 ||  2685
Block: Kite shield       |    41 |    52 |    91 |   257 |   436 |       |       |       |       ||   877
       Tower shield      |       |       |       |       |    33 |  1061 |   804 |   989 |  5968 ||  8855
       Reflection        |       |       |       |       |       |       |   140 |    60 |   184 ||   384
       Rpst.: Quick blade |       |       |       |       |       |    22 |     6 |       |       ||    28
       Broad axe         |       |       |       |       |       |    13 |     3 |       |       ||    16

Table legend: (Time is in decaauts)
 A = Elapsed time spent in this place.
 B = Non-inter-level travel time spent in this place.
 C = Inter-level travel time spent in this place.
 D = Time resting spent in this place.
 E = Time spent auto-exploring this place.
 F = Levels seen in this place.
 G = Mean time per level.
                   A        B        C        D        E       F      G
               +--------+--------+--------+--------+--------+-----+--------+
         Total |  92804 |  84158 |   8646 |  18242 |  39127 | 124 |  748.4 |
       Dungeon |  18746 |  16412 |   2334 |   3508 |   9732 |  15 | 1249.7 |
        Temple |    965 |    894 |     71 |    649 |    233 |   1 |  965.0 |
          Lair |   6563 |   5280 |   1283 |    285 |   3860 |   6 | 1093.8 |
         Swamp |   5849 |   5493 |    356 |   1801 |   2501 |   4 | 1462.2 |
   Spider Nest |   3721 |   3473 |    248 |     18 |   2441 |   4 |  930.2 |
    Slime Pits |   1957 |   1756 |    201 |    312 |    688 |   5 |  391.4 |
  Orcish Mines |   1647 |   1449 |    198 |      0 |   1079 |   2 |  823.5 |
   Elven Halls |   4476 |   4196 |    280 |    545 |   2424 |   3 | 1492.0 |
        Vaults |   9206 |   8148 |   1058 |   1664 |   4686 |   5 | 1841.2 |
         Crypt |   4276 |   3784 |    492 |   1128 |   1545 |   3 | 1425.3 |
          Tomb |   4015 |   3979 |     36 |   2362 |    888 |   3 | 1338.3 |
        Depths |   9572 |   8437 |   1135 |   2131 |   4060 |   5 | 1914.4 |
          Hell |    845 |    723 |    122 |    169 |    284 |   1 |  845.0 |
           Dis |   1610 |   1576 |     34 |    430 |    269 |   7 |  230.0 |
       Gehenna |   1957 |   1780 |    177 |    323 |     73 |   7 |  279.6 |
       Cocytus |   2580 |   2271 |    309 |    256 |    142 |   7 |  368.6 |
      Tartarus |   1582 |   1445 |    137 |      2 |    431 |   6 |  263.7 |
           Zot |   2364 |   2196 |    168 |    671 |   1033 |   2 | 1182.0 |
         Abyss |   1866 |   1866 |      0 |    244 |    599 |   6 |  311.0 |
   Pandemonium |   6430 |   6430 |      0 |    314 |   1833 |  29 |  221.7 |
       Ossuary |    300 |    300 |      0 |      9 |    144 |   1 |  300.0 |
      Ice Cave |   1513 |   1513 |      0 |   1162 |    123 |   1 | 1513.0 |
        Wizlab |    753 |    753 |      0 |    257 |     56 |   1 |  753.0 |
               +--------+--------+--------+--------+--------+-----+--------+

Top non-repeatable levels by time:
Vaults:2: 3089 daAuts
  Tomb:1: 2952 daAuts
 Swamp:4: 2308 daAuts
     D:8: 2303 daAuts
Vaults:4: 2261 daAuts
Depths:4: 2150 daAuts
Depths:2: 2105 daAuts
Depths:1: 2066 daAuts
 Crypt:3: 1926 daAuts
   Elf:3: 1917 daAuts
    D:10: 1792 daAuts
Depths:3: 1768 daAuts
   Zot:1: 1740 daAuts
     D:6: 1730 daAuts
Vaults:5: 1705 daAuts
